Cogmind - Beta 10.2 @@@ ROGUE MODE // 2021.02.15 @ 14:31:45 Player: tc Result: Destroyed by D-53 Grenadier with Mini Grenade Launcher Performance ------------- Evolutions (0) 0 Regions Visited (2) 400 Robots Destroyed (7) 35 Value Destroyed (245) 245 Prototype IDs (0) 0 Alien Tech Used (0) 0 Bonus (0) 0 TOTAL SCORE: 680 Bonus ------- None Cogmind --------- Core Integrity 0/250 Matter 293/300 Energy 89/100 System Corruption 0% Temperature Cool (0) Movement Core (150) Ox2 Location -10/Mines Parts ------- > --- POWER (1) -------- (None) > --- PROPULSION (2) --- (None) > --- UTILITY (2) ------ Medium Storage Unit Targeting Computer > --- WEAPON (2) ------- (None) > --- INVENTORY (8) ---- Ion Engine Aluminum Leg Large Storage Unit Targeting Computer Peak State ------------ > --- POWER ------------ Light Nuclear Core > --- PROPULSION ------- Aluminum Leg Aluminum Leg > --- UTILITY ---------- Medium Storage Unit Targeting Computer > --- WEAPON ----------- Particle Gun Light Assault Rifle > --- INVENTORY -------- Ion Engine Aluminum Leg Large Storage Unit Targeting Computer Small Laser Light Assault Rifle [Rating: 10] Favorites ----------- Power Ion Engine Engine Ion Engine Power Core Light Nuclear Core Propulsion Aluminum Leg Leg Aluminum Leg Wheel Compact Wheel Utility Medium Storage Unit Storage Medium Storage Unit Processor Targeting Computer Weapon Light Assault Rifle Energy Gun EM Pulse Gun Energy Cannon Beam Cannon Ballistic Gun Light Assault Rifle Build | -11 -10 -10 ------- Run | Scr Mat Min Slots Evolved . | . . . Power . | . . . Propulsion . | . . . Utility . | . . . Weapon . | . . . Parts Attached 23 | 6 10 7 Power 6 | 1 4 1 Engine 4 | 1 3 . Core 2 | . 1 1 Reactor . | . . . Propulsion 6 | 2 2 2 Treads . | . . . Leg 2 | . . 2 Wheel 4 | 2 2 . Hover . | . . . Flight . | . . . Utility 3 | 1 2 . Device . | . . . Storage 2 | 1 1 . Processor 1 | . 1 . Hackware . | . . . Protection . | . . . Artifact . | . . . Weapon 8 | 2 2 4 Energy Gun 3 | . 1 2 Energy Cannon 1 | . 1 . Ballistic Gun 4 | 2 . 2 Ballistic Cannon . | . . . Launcher . | . . . Special Weapon . | . . . Impact Weapon . | . . . Slashing Weapon . | . . . Piercing Weapon . | . . . Special Melee Weapon . | . . . Unidentified Prototypes . | . . . Parts Lost 11 | . . 11 Power 2 | . . 2 Propulsion 3 | . . 3 Utility . | . . . Weapon 6 | . . 6 Highest Loss Streak 8 | . . 8 Average Slot Usage (%) 94 | . 92 96 Engine 6 | . 11 . Core 6 | . 1 12 Leg 10 | . . 24 Wheel 14 | . 25 1 Storage 19 | . 23 14 Processor 8 | . 3 14 Energy Gun 2 | . 3 1 Energy Cannon 7 | . 3 12 Ballistic Gun 15 | . 16 12 Naked Turns . | . . . Heaviest Build 19 | 11 19 17 Greatest Support 26 | 26 26 20 Greatest Overweight (x) 5 | . 5 2 Average Overweight (x) . | . . . Largest Inventory Capacity 10 | 6 10 8 Average Capacity 8 | 4 9 8 Most Carried 8 | 3 8 8 Average Carried 5 | 1 4 6 Final Capacity 8 | 6 8 8 Final Carried 8 | 2 8 4 Class Distribution -------------------- 100% | Mutant Dominant Class ---------------- Mutant | -10/Materials Mutant | -10/Mines Resources | -11 -10 -10 ----------- Run | Scr Mat Min Matter Collected 412 | 171 201 40 Remotely . | . . . Salvage Created 328 | . 145 183 Parts 21 | . 10 11 Haulers Intercepted 1 | . 1 . Recyclers Shooed . | . . . Parts Field Recycled . | . . . Retrieved Matter . | . . . Parts Self-Destructed . | . . . Prevented . | . . . Kills | -11 -10 -10 ------- Run | Scr Mat Min Combat Hostiles Destroyed 6 | . 2 4 Guns 2 | . 2 . Cannons 4 | . . 4 Classes Destroyed 2 | . 2 . Hauler 1 | . 1 . Grunt 6 | . 2 4 Best Kill Streak 4 | . 2 4 Combat Bots Only 4 | . 2 4 Max Kills in Single Turn 1 | . 1 1 Gunslinging . | . . . Exploded . | . . . Melee . | . . . Uniques/NPCs Destroyed . | . . . Combat | -11 -10 -10 -------- Run | Scr Mat Min Damage Taken 914 | . 82 832 Core 267 | . 18 249 Absorbed by Shields . | . . . Core Remaining (%) 100 | 100 . . Volleys Fired 23 | . 12 11 Largest 2 | . 2 2 Hottest 100 | . 100 100 Shots Fired 43 | . 24 19 Gun 30 | . 18 12 Cannon 13 | . 6 7 Launcher . | . . . Special . | . . . Kinetic 15 | . 12 3 Thermal 16 | . 6 10 Explosive . | . . . Electromagnetic 12 | . 6 6 Robot Hit Streak 10 | . 10 5 Robot Miss Streak 2 | . 2 2 Penetration Max . | . . . Secondary Targets . | . . . Shots Hit Robots 28 | . 17 11 Core Hits 11 | . 5 6 Critical Hits . | . . . Critical Kills . | . . . Critical Parts Destroyed . | . . . Melee Attacks . | . . . Impact . | . . . Slashing . | . . . Piercing . | . . . Sneak Attacks . | . . . Combat Hostiles . | . . . Follow-up Attacks . | . . . Damage Inflicted 340 | . 199 141 Guns 216 | . 146 70 Cannons 124 | . 53 71 Explosions . | . . . Melee . | . . . Ramming . | . . . Kinetic 97 | . 80 17 Thermal 135 | . 53 82 Explosive . | . . . Electromagnetic 108 | . 66 42 Impact . | . . . Slashing . | . . . Piercing . | . . . Highest Corruption . | . . . Average Corruption . | . . . Corruption Purged . | . . . Overload Shots . | . . . Overflow Damage . | . . . Projectiles . | . . . Explosions . | . . . Melee . | . . . Knockbacks . | . . . Impact . | . . . Kinetic . | . . . Secondary . | . . . Self-Inflicted Damage . | . . . Shots . | . . . Rammed . | . . . Targets Rammed . | . . . Kicked . | . . . Crushed . | . . . Highest Temperature 294 | . 282 294 Average Temperature 140 | . 146 136 Received Heat Transfer 129 | . 48 81 Siege Activations . | . . . Robots Corrupted . | . . . Combat Hostiles . | . . . Parts Fried 1 | . 1 . Impact Corruptions . | . . . Robots Melted . | . . . Combat Hostiles . | . . . Parts Melted . | . . . Heat Transferred 284 | . 111 173 Parts Sabotaged . | . . . Parts Stolen . | . . . Parts Stripped . | . . . Power Chain Reactions . | . . . Missiles Intercepted . | . . . Alert | -11 -10 -10 ------- Run | Scr Mat Min Peak Influence 112 | . 57 112 Initial 22 | . . 22 Average 48 | . 10 104 Maximum Alert Level . | . . . Low Security (%) 100 | 100 100 100 Level 1 . | . . . Level 2 . | . . . Level 3 . | . . . Level 4 . | . . . Level 5 . | . . . High Security . | . . . Max Security . | . . . Squads Dispatched 1 | . 1 . Investigation . | . . . Extermination . | . . . Reinforcement 1 | . 1 . Assault . | . . . Garrison . | . . . Intercept . | . . . Construction Impeded . | . . . Haulers Reinforced . | . . . Stealth | -11 -10 -10 --------- Run | Scr Mat Min Distress Signals 1 | . 1 . Communications Jammed . | . . . Distress Signals . | . . . Times Spotted 9 | . 4 5 Peak Tracking Total 3 | . 2 3 Tactical Retreats . | . . . Traps | -11 -10 -10 ------- Run | Scr Mat Min Traps Triggered 3 | . 3 . Indirectly . | . . . Trap Hack Attempts . | . . . Triggered . | . . . Disarmed . | . . . Reprogrammed . | . . . Reused . | . . . Traps Extracted . | . . . Installed . | . . . Triggered . | . . . Machines | -11 -10 -10 ---------- Run | Scr Mat Min Machines Disabled . | . . . Max in Single Turn . | . . . Machines Sabotaged . | . . . Garrisons Compromised . | . . . Overloaded Fab Kills . | . . . Fab Network Shutdowns . | . . . Hacking | -11 -10 -10 --------- Run | Scr Mat Min Machines Accessed 3 | . 2 1 Terminals 3 | . 2 1 Fabricators . | . . . Repair Stations . | . . . Recycling Units . | . . . Scanalyzers . | . . . Garrison Access . | . . . Total Hacks 8 | . 5 3 Successful 3 | . 2 1 Failed 5 | . 3 2 Catastrophic . | . . . Database Lockouts . | . . . Manual . | . . . Terminals 8 | . 5 3 Fabricators . | . . . Repair Stations . | . . . Recycling Units . | . . . Scanalyzers . | . . . Garrison Access . | . . . Terminal Hacks 3 | . 2 1 Record 1 | . 1 . Robot Analysis 1 | . 1 . Zone Layout 1 | . . 1 Fabricator Hacks . | . . . Repair Station Hacks . | . . . Recycling Unit Hacks . | . . . Scanalyzer . | . . . Garrison Access Hacks . | . . . Unauthorized Hacks . | . . . Terminals . | . . . Fabricators . | . . . Repair Stations . | . . . Recycling Units . | . . . Scanalyzers . | . . . Garrison Access . | . . . Data Cores Recovered . | . . . Used . | . . . Hacking Detections 2 | . 2 . Full Trace Events . | . . . Feedback Events . | . . . Feedback Blocked . | . . . Robot Schematics Acquired . | . . . Robots Built . | . . . Matter . | . . . Time . | . . . Total Robot Build Rating . | . . . Part Schematics Acquired . | . . . Parts Built . | . . . Matter . | . . . Time . | . . . Total Part Build Rating . | . . . Parts Repaired . | . . . Time . | . . . Parts Recycled . | . . . Recycled Matter . | . . . Retrieved Matter . | . . . Retrieved Components . | . . . Parts Scanalyzed . | . . . Part Schematics Acquired . | . . . Parts Damaged . | . . . Bothacking | -11 -10 -10 ------------ Run | Scr Mat Min Used RIF Installer . | . . . Robots Hacked . | . . . Non-combat . | . . . Combat . | . . . Robot Hacks Applied . | . . . Relay Couplers Released . | . . . Robots Rewired . | . . . Allies Hacked . | . . . Hacks Repelled . | . . . Allies | -11 -10 -10 -------- Run | Scr Mat Min Total Allies . | . . . Largest Group . | . . . Highest-Rated Group . | . . . Highest-Rated Ally . | . . . Total Orders . | . . . Ally Attacks . | . . . Total Damage . | . . . Kills . | . . . Allies Corrupted . | . . . Allies Melted . | . . . Intel | -11 -10 -10 ------- Run | Scr Mat Min Robot Analysis Total 1 | . 1 . Derelict Logs Recovered 1 | . . 1 Drone Launches . | . . . Drone Recoveries . | . . . Exploration | -11 -10 -10 ------------- Run | Scr Mat Min Turns Passed 641 | 57 323 261 Spaces Moved 476 | 52 241 183 Core 17 | 8 8 1 Treads . | . . . Legs 181 | . . 181 Wheels 278 | 44 233 1 Hover . | . . . Flight . | . . . Fastest Speed 50 | 50 90 100 Average Speed 104 | 83 96 120 Slowest Speed 300 | 90 300 150 Overloaded Moves . | . . . Propulsion Burnouts . | . . . Robots Hopped . | . . . Cave-ins Triggered . | . . . Exploration Rate (%) 22 | 3 36 27 Regions Visited 2 Branch Regions 1 Pre-discovered Areas 1 | . . 1 Known Exits Taken . | . . . Unknown Exits Taken 2 | 1 1 . Scrap Searched . | . . . Spaces Dug . | . . . Terrain Destroyed . | . . . Melee . | . . . Projectile . | . . . AOE . | . . . Terrain Rammed . | . . . Walls Destroyed . | . . . Machines Disabled . | . . . Actions | -11 -10 -10 --------- Run | Scr Mat Min Total 581 | 65 309 207 Wait 29 | . 29 . Move 474 | 51 240 183 Hop . | . . . Pick Up 28 | 8 16 4 Fast Attach . | . . . Attach 21 | 6 8 7 Detach . | . . . Swap 2 | . 2 . Drop 4 | . 2 2 Fire 23 | . 12 11 Melee . | . . . Ram . | . . . Kick . | . . . Crush . | . . . Escape Stasis . | . . . Rewire . | . . . Trap . | . . . Miscellaneous . | . . . Route ------- -11/Scrapyard -10/Materials -10/Mines (discovered 2 exits: [*Mat] / [*Exi]) History --------- Turn | Location | Event 8 | -11/Scrapyard | Discovered new exit (range 16) 58 | -11/Scrapyard | Entered Materials 170 | -10/Materials | Discovered new exit (range 12) 315 | -10/Materials | Build established: Mutant 381 | -10/Materials | Entered Mines 431 | -10/Mines | Lost 3 parts (1p1n1w) 452 | -10/Mines | Deemed a non-threat by the Exiles lab entrance 452 | -10/Mines | Discovered new exit (range 5) 470 | -10/Mines | Discovered new exit (range 10) 531 | -10/Mines | Learned location of Storage (-8) 614 | -10/Mines | Assembled infested the area 619 | -10/Mines | Assisted by a Guerilla fighting off Assembled 639 | -10/Mines | Core integrity fell below 50% 641 | -10/Mines | Core integrity fell below 20% 642 | -10/Mines | Destroyed by D-53 Grenadier with Mini Grenade Launcher Last Messages --------------- Retrieving Zone 1X layout... Downloaded map data. ALERT: Infestation in the mines, dispatching Demolisher response squad. C-30 ARC bursts open, deploying its payload. D-53 Grenadier unfolds itself. Beam Cannon destroyed. Lgt. Assault Rifle destroyed. Lgt. Nuclear Core destroyed. T-07 Excavator destroyed. Aluminum Leg destroyed. Particle Gun destroyed. Aluminum Leg destroyed. Sml. Laser destroyed. U-05 Engineer lays Concrete. The unstable cave ceiling collapses. U-05 Engineer lays Concrete. Lgt. Assault Rifle destroyed. U-05 Engineer lays Concrete. The unstable cave ceiling collapses. U-05 Engineer lays Concrete. Map ----- +----------------------------------------------------+ | ??#""" #???# #???????????## #??? | | ??# #???#### #???????????# ##?? | | ??#""" #??????# #???????????# #?? | | ??#""" #??????# #???????????# #?? | | ??#""" #??????# #???????????## ##?? | | ??? #??????# #????????????### ##??? | | ????####??###### #??????????????## ##??? | | ????????### ## #??????????????## #??? | | ????##### # #?????????????## #??? | | ???## # #???????????????????????? | | ???# ## #???????????????????????? | | ???# < ## #???????????????????????? | | ???## """ #???????????????????????? | | ????#### """ #???????????????????????? | | ??????## """ #???????????????????????? | | ??????# #???????????????????????? | | ??????# ##???????????????????????? | | ??????## ### ###????????????????????????? | | ???????###??# ##??????????????????????????? | | ????????????# #??####?????????????????????? | | ????????????# #?## ###???????????????????? | | ???????????## ### ##??????????????????? | | ???????????# # ##?????????????????? | | ???????????# du #?????????????????? | | ????##???### d ###???????????????? | | ????#<#### @ #???????????????? | | ????# ## ### # #???????????????? | | ??????# #?# # #???????????????? | | ??????### ##?## ## ???????????????? | | ????????###???## ##### #??????????????? | | ???##########??# ######??? #??????????????? | | ???# ####k#####???? #??????????????? | | ???# !*% ##??? #??????????????? | | ???# = [% #??? #??????????????? | | ???# %=##### #?? ??????????????? | | ???# %!#???## #???#??????????????? | | ???# #?????# #??????????????????? | | ???##########??????# ##??????????????????? | | ????????????????????###???????????????????? | | ??????????????????????????????????????????? | | ??????????????????????????????????????????? | | ??????????????????????????????????????????? | | ??????????????????????????????????????????? | | ??????????????????????????????????????????? | | ??????????????????????????????????????????? | | ??????????????????????????????????????????? | | ??????????????????????????????????????????? | | ??????????????????????????????????????????? | | ??????????????????????????????????????????? | | ??????????????????????????????????????????? | +----------------------------------------------------+ Best States ------------- Heat Dissipation 25 Energy Generation 14 Energy Capacity 250 Matter Stores 300 Matter Capacity 300 Sight Range 16 Terrain Scan Density 10 Evasion (%) 50 Targeting Accuracy 5 Item Schematics ----------------- None Robot Schematics ------------------ None Fabricated ------------ Nothing Alien Tech Used ----------------- None Achievements -------------- None Challenges ------------ None Game ------ Seed MinesnifferGaussNetwork Manual? 0 Play Time 00:14:33 Cumulative 3.5 hours Start 2021.02.15 @ 14:16:00 End 2021.02.15 @ 14:31:45 Sessions 1 Manual Loads 0 Difficulty Rogue Special Mode None Game No. 5 Rogue 5 Adventurer 0 Explorer 0 Win Type - Total 0 Types 0/0/0/0/0/0/0/0/0 Lore% 4 Gallery% 6 Achievement% 8 Wizard Run 0 Options --------- ASCII 0 Keyboard 0 Movement Numpad Keybinds 0 Fullscreen 1 Font 12/Smallcaps Map View 83x54 Tactical HUD 0 Map Filters NONE Filters NONE Steam 1 RUN: 36f053f4-af45-4533-9474-fe69b84c1484